 Dungeon Crawl Stone Soup version 0.23.2-1-ga50397a6bc (webtiles) character file.

Game seed: 17822954184869067753

9424 Mrkan the Grappler (level 11, -3/109 (111) HPs)
             Began as a Troll Monk on May 18, 2019.
             Was a Priest of Yredelemnul.
             Slain by a two-headed ogre
             ... wielding a +0 giant club
              (5 damage)
             ... on level 10 of the Dungeon.
             The game lasted 00:18:00 (8473 turns).

Mrkan the Grappler (Troll Monk)                     Turns: 8473, Time: 00:18:01

HP:   -3/109 (111)  AC: 10    Str: 24    XL:     11   Next: 22%
MP:   13/13         EV: 11    Int:  6    God:    Yredelemnul [***...]
Gold: 546           SH:  0    Dex: 12    Spells: 10/10 levels left

rFire    + . .     SeeInvis .     - Unarmed
rCold    . . .     Gourm    +   (no shield)
rNeg     . . .     Faith    .   M - +2 robe {rF+}
rPois    .         Spirit   .   (helmet restricted)
rElec    .         Reflect  .   G - +1 cloak
rCorr    .         Harm     .   (gloves unavailable)
MR       .....                  (boots unavailable)
Stlth    ++........             (no amulet)
HPRegen  0.68/turn              (no ring)
MPRegen  0.13/turn              (no ring)

@: no status effects
A: large, unfitting armour, claws 3, fast metabolism 3, gourmand, regeneration
1, shaggy fur 1, tough skin 3
a: Recall Undead Slaves, Injury Mirror, Animate Dead, Renounce Religion


You were on level 10 of the Dungeon.
You worshipped Yredelemnul.
Yredelemnul was most pleased with you.
You were full.

You visited 2 branches of the dungeon, and saw 11 of its levels.
You also visited: Ossuary.

You collected 546 gold pieces.

Inventory:

Missiles
 H - 4 large rocks (quivered)
Armour
 a - a +0 robe
 G - a +1 cloak (worn)
 M - a +2 robe of fire resistance (worn)
Jewellery
 j - a cursed ring of attention
 k - an uncursed ring of protection from cold
 r - an uncursed amulet of the gourmand
 B - an uncursed ring of positive energy
 F - an uncursed ring of flight
 O - an uncursed ring of stealth {unknown}
Wands
 n - a wand of flame (17)
 s - a wand of random effects (29)
 t - a wand of acid (20)
 A - a wand of paralysis (10)
 I - a wand of polymorph (10)
 K - a wand of enslavement (6)
 L - a wand of iceblast (7)
Scrolls
 c - a scroll of fog {unknown}
 e - 8 scrolls of teleportation
 g - 2 scrolls of magic mapping {unknown}
 h - 2 scrolls of random uselessness {unknown}
 i - a scroll of blinking {unknown}
 l - 10 scrolls of remove curse
 y - 2 scrolls of fear {unknown}
 D - 2 scrolls of immolation {unknown}
 E - a scroll of amnesia {unknown}
 J - a scroll of identify
 P - a scroll of noise {unknown}
Potions
 d - a potion of might
 f - 2 potions of brilliance {unknown}
 m - a potion of mutation {unknown}
 o - 2 potions of degeneration {unknown}
 p - a potion of resistance {unknown}
 q - 3 potions of curing {unknown}
 u - a potion of lignification {unknown}
 v - 3 potions of agility {unknown}
 w - 4 potions of invisibility
 x - 2 potions of flight {unknown}
 z - 4 potions of heal wounds {unknown}
 C - a potion of magic {unknown}
Miscellaneous
 N - a sack of spiders
Comestibles
 b - 17 rations


   Skills:
 + Level 8.3 Fighting
 + Level 4.1 Dodging
 - Level 1.0 Stealth
 * Level 13.1 Unarmed Combat
 + Level 5.2 Invocations


You had 10 spell levels left.
You didn't know any spells.
Your spell library contained the following spells:

 Spells                   Type           Power        Failure   Level  Hunger
 Confusing Touch          Hex            #.....       45%         1    ##.....
 Confuse                  Hex            #.......     83%         3    ####...
 Gell's Gravitas          Tloc           #.........   83%         3    ####...
 Petrify                  Tmut/Erth      #.......     99%         4    #####..
 Metabolic Englaciation   Hex/Ice        #.........   100%        5    ######.
 Yara's Violent Unravell  Hex/Tmut       #.........   100%        5    ######.


Dungeon Overview and Level Annotations

Branches:
Dungeon (10/15)            Temple (1/1) D:7            Lair (0/6) D:8
    Orc: D:9-12

Altars:
Ashenzari
Cheibriados
Dithmenos
Elyvilon
Fedhas
Gozag
Hepliaklqana
Kikubaaqudgha
Makhleb
Nemelex Xobeh
Okawaru
Qazlal
Ru
Sif Muna
Trog
Uskayaw
Vehumet
Wu Jian
Xom
Yredelemnul
Zin
The Shining One

Shops:
D:4 (   D:5 }


Innate Abilities, Weirdness & Mutations

You are too large for most types of armour.
You have claws for hands.
Your metabolism is lightning-fast.
You like to eat raw meat.
Your natural rate of healing is unusually fast.
You are covered in fur. (AC +1)
You have extremely tough skin. (AC +3)


Message History

The two-headed ogre hits you with a +0 great mace!
You barely miss the two-headed ogre. You claw the two-headed ogre!
The two-headed ogre is moderately wounded.
The two-headed ogre hits you with a +0 giant club!!
The two-headed ogre hits you with a +0 great mace!
You barely miss the two-headed ogre. You claw the two-headed ogre!!
The two-headed ogre is heavily wounded.
You completely miss the two-headed ogre.
The two-headed ogre is heavily wounded.
The two-headed ogre hits you with a +0 giant club!!
* * * LOW HITPOINT WARNING * * *
The two-headed ogre hits you but does no damage.
You barely miss the two-headed ogre.
The two-headed ogre is heavily wounded.
The two-headed ogre hits you with a +0 giant club!
* * * LOW HITPOINT WARNING * * *
The two-headed ogre hits you with a +0 great mace.
You die...
Your body rises from the dead as a mindless zombie.

###########
......(...)
......>..##
######.....
### #.....
..## #.....
..# #.....
#O# #.....
#@# #.....
#.# #.....
#.# #.....
#.## #.....
#..# #.....
##.# #.....
#####'#######
#.....
#...........#
#.#'##
#...........#
#.#.#


You could see a two-headed ogre.

Vanquished Creatures
  Harold (D:7)
  A two-headed ogre (D:9)
  Erica (D:9)
  Pikel (D:8)
  A troll (D:9)
  A hippogriff (D:10)
  11 yaks
  A wraith (Ossuary)
  A vampire (D:10)
  A porcupine (D:8)
  2 black bears
  A sky beast (D:5)
  4 ice beasts
  2 orc warriors (D:7)
  A necrophage (D:5)
  8 ogres
  A centaur (D:10)
  3 crocodiles
  8 bullfrogs
  A wyvern skeleton (D:10)
  4 scorpions
  A water moccasin skeleton (D:5)
  10 wights
  2 howler monkeys
  4 crimson imps
  An orc priest (D:7)
  A centaur zombie (D:7)
  A quasit (D:7)
  A gnoll shaman (D:8)
  3 hounds
  3 jellies
  3 orc wizards
  2 bullfrog skeletons (D:8)
  3 centaur skeletons
  An iguana (D:5)
  Terence (D:2)
  7 worker ants
  A mummy (Ossuary)
  Robin (D:2)
  4 gnolls (D:8)
  14 adders
  An ooze (D:4)
  6 worms
  A dart slug (D:3)
  8 leopard geckos
  21 orcs
  4 giant cockroaches
  18 goblins
  16 hobgoblins
  9 jackals
  9 quokkas
  A ball python (D:4)
  8 bats
  6 frilled lizards
  5 gnoll skeletons (Ossuary)
  8 kobolds
  5 kobold skeletons (Ossuary)
  A leopard gecko zombie (D:7)
  15 orc skeletons (Ossuary)
  A quokka skeleton (D:4)
  A quokka zombie (D:5)
  8 rats
  2 rat zombies (D:2)
273 creatures vanquished.

Vanquished Creatures (others)
  A scorpion (D:8)
  12 fungi (D:8)
13 creatures vanquished.

Grand Total: 286 creatures vanquished

Notes
Turn   | Place    | Note
-------+----------+-------------------------------------------
     0 | D:1      | Mrkan the Troll Monk began the quest for the Orb.
     0 | D:1      | Reached XP level 1. HP: 22/22 MP: 0/0
   243 | D:1      | Reached XP level 2. HP: 24/29 MP: 1/1
  1094 | D:2      | Reached XP level 3. HP: 36/36 MP: 2/2
  1121 | D:2      | Reached skill level 4 in Unarmed Combat
  1202 | D:2      | Noticed Robin
  1202 | D:2      | Noticed Terence
  1209 | D:2      | Reached XP level 4. HP: 45/45 MP: 3/3
  1225 | D:2      | Killed Terence
  1267 | D:2      | Killed Robin
  1350 | D:2      | Reached skill level 5 in Unarmed Combat
  1355 | D:2      | Reached XP level 5. HP: 32/53 MP: 4/4
  1620 | D:2      | Found an ancient bone altar of Kikubaaqudgha.
  2481 | D:4      | Found a sand-covered staircase.
  2486 | Ossuary  | Entered an ossuary
  2486 | Ossuary  | Noticed a wraith
  2486 | Ossuary  | Noticed a wraith
  2486 | Ossuary  | Noticed a wraith
  2530 | Ossuary  | Reached XP level 6. HP: 44/62 MP: 5/5
  2574 | Ossuary  | Noticed a wraith
  2581 | Ossuary  | Killed a wraith
  2581 | Ossuary  | Reached skill level 6 in Unarmed Combat
  2837 | D:4      | Reached XP level 7. HP: 51/71 MP: 6/6
  2854 | D:4      | Reached skill level 7 in Unarmed Combat
  3115 | D:4      | Reached skill level 8 in Unarmed Combat
  3205 | D:4      | Reached skill level 5 in Fighting
  3266 | D:4      | Found Giross's Antique Weapon Boutique.
  3528 | D:5      | Entered Level 5 of the Dungeon
  3536 | D:5      | Found Fufiem's Gadget Emporium.
  3549 | D:5      | Reached XP level 8. HP: 60/80 MP: 7/7
  3926 | D:5      | Reached skill level 9 in Unarmed Combat
  5059 | D:7      | HP: 2/81 [wight/+4 long sword (9)]
  5074 | D:7      | Reached skill level 10 in Unarmed Combat
  5228 | D:7      | Found a staircase to the Ecumenical Temple.
  5253 | D:7      | Reached XP level 9. HP: 76/87 MP: 8/8
  5261 | D:7      | Found a white marble altar of Elyvilon.
  5282 | Temple   | Entered the Ecumenical Temple
  5414 | Temple   | Became a worshipper of Yredelemnul the Dark
  5414 | Temple   | Reached * piety under Yredelemnul
  5414 | Temple   | Reached ** piety under Yredelemnul
  5659 | D:7      | Noticed Harold
  5672 | D:7      | Killed Harold
  5672 | D:7      | Reached skill level 11 in Unarmed Combat
  5786 | D:7      | Found a sparkling altar of Nemelex Xobeh.
  6096 | D:8      | Noticed Pikel
  6106 | D:8      | Killed Pikel
  6242 | D:8      | Reached XP level 10. HP: 98/100 MP: 11/11
  6278 | D:8      | Found a staircase to the Lair.
  6640 | D:8      | Reached *** piety under Yredelemnul
  6729 | D:8      | Reached skill level 12 in Unarmed Combat
  6989 | D:8      | HP: 5/100 [wight/cursed +4 falchion of freezing (2)]
  7468 | D:9      | Noticed a two-headed ogre
  7474 | D:9      | Killed a two-headed ogre
  7797 | D:9      | Noticed Erica
  7808 | D:9      | Killed Erica
  7977 | D:9      | Found an ornate altar of the Wu Jian Council.
  7980 | D:9      | Found a shimmering altar of Xom.
  7983 | D:9      | Found a hide-covered altar of Uskayaw.
  7986 | D:9      | Found a bloodstained altar of Trog.
  8180 | D:10     | Entered Level 10 of the Dungeon
  8344 | D:10     | Reached XP level 11. HP: 90/109 MP: 13/13
  8387 | D:10     | Reached skill level 5 in Invocations
  8434 | D:10     | Reached skill level 13 in Unarmed Combat
  8464 | D:10     | Noticed a two-headed ogre
  8473 | D:10     | HP: 2/109 [two-headed ogre/+0 giant club (14)]
  8473 | D:10     | Slain by a two-headed ogre

Skill      XL: |  1  2  3  4  5  6  7  8  9 10 11 |
---------------+----------------------------------+-----
Unarmed Combat | 4 5 6 8 10 11 12 13 | 13.1
Fighting       | 3 4 5 6 7 8 |  8.3
Invocations    | 3 4 5 |  5.2
Dodging        | 3 4 |  4.1
Stealth        | |  1.0

Action                   |  1- 3 |  4- 6 |  7- 9 | 10-12 || total
-------------------------+-------+-------+-------+-------++-------
Melee: Unarmed           |    84 |   246 |   230 |   216 ||   776
       Punch             |     1 |     4 |     6 |    22 ||    33
  Use: Potion            |       |       |     1 |       ||     1
       Scroll            |       |       |     1 |     7 ||     8
 Stab: Sleeping          |     5 |     1 |       |     2 ||     8
       Distracted        |       |       |     1 |       ||     1
  Eat: Ration            |     2 |     2 |     4 |     4 ||    12
       Chunk             |     1 |     8 |    18 |    11 ||    38
Armor: Robe              |    41 |   124 |    68 |    53 ||   286
Dodge: Dodged            |    43 |   170 |    91 |    85 ||   389
